 Dungeon Crawl Stone Soup version 0.30-a0-585-g93115170b9 (webtiles) character file.

Game seed: 5365999883604361207

13395 Decritt the Fighter (level 12, 0/94 HPs)
             Began as a Djinni Hedge Wizard on Dec 30, 2022.
             Was a High Priest of Makhleb.
             Slain by a black mamba (11 damage)
             ... on level 1 of the Lair of Beasts on Jan 2, 2023.
             The game lasted 00:46:41 (10800 turns).

Decritt the Fighter (Djinni Hedge Wizard)          Turns: 10800, Time: 00:46:42

Health: 0/94       AC:  6    Str: 15    XL:     12   Next: 32%
Gold:   680        EV: 16    Int: 26    God:    Makhleb [*****.] SH: 11 Dex: 21

rFire   + + .      SeeInvis .    x - +7 eveningstar "Gyipheh" {heavy, rElec Will++ Dex+4}
rCold   x . .      Faith    .    k - +0 kite shield
rNeg    . . .      Spirit   .    u - +1 robe of Vummir {Will+ Regen+}
rPois   ∞          Reflect  .    A - +2 hat
rElec   +          Harm     .    (no cloak)
rCorr   .          Rampage  .    c - +0 pair of gloves
Will    ++++.                    (boots unavailable)
Stlth   +++++                    (no amulet)
HPRegen 1.15/turn                m - +6 ring of intelligence
MPRegen 0.00/turn                q - ring of Laniumarph {EV+5 Str+6 Dex+3 Stlth+}

@: flying, studying Stealth
A: sickness immunity, fire resistance 2, cold vulnerability 1, float, innate
caster, HP casting, extra vitality 1
a: Renounce Religion, Minor Destruction, Lesser Servant of Makhleb, Major
Destruction, Greater Servant of Makhleb


You were on level 1 of the Lair of Beasts.
You worshipped Makhleb.
Makhleb was extremely pleased with you.
You visited 3 branches of the dungeon, and saw 13 of its levels.
You also visited: Sewer and Ossuary.

You collected 680 gold pieces.

Inventory:

Hand Weapons
 x - the +7 eveningstar "Gyipheh" (weapon) {heavy, rElec Will++ Dex+4}
   (You acquired it on level 4 of the Dungeon)

   It deals dramatically more damage, but attacks with it are much slower.
   Dex:       It affects your dexterity (+4).
   rElec:     It insulates you from electricity.
   Will:      It greatly increases your willpower.
Armour
 c - a +0 pair of gloves (worn)
 k - a +0 kite shield (worn)
 u - the +1 robe of Vummir (worn) {Will+ Regen+}
   (You found it in a sewer)

   Regen:     It increases your rate of health regeneration.
   Will:      It increases your willpower.
 A - a +2 hat (worn)
Jewellery
 b - a +4 ring of protection
 m - a +6 ring of intelligence (left hand)
 q - the ring of Laniumarph (right hand) {EV+5 Str+6 Dex+3 Stlth+}
   (You acquired it on level 4 of the Dungeon)

   [ring of evasion]

   EV:        It affects your evasion (+5).
   Str:       It affects your strength (+6).
   Dex:       It affects your dexterity (+3).
   Stlth:     It makes you more stealthy.
 C - a ring of ice
Wands
 w - a wand of paralysis (15)
 B - a wand of flame (3)
Scrolls
 f - 2 scrolls of teleportation
 g - 2 scrolls of poison
 j - 2 scrolls of immolation
 l - 2 scrolls of summoning
 n - a scroll of blinking
 v - 3 scrolls of fog
 y - a scroll of magic mapping
 z - a scroll of fear
 D - a scroll of torment
Potions
 a - 6 potions of haste
 d - 2 potions of lignification
 e - 6 potions of mutation
 h - 10 potions of curing
 i - 4 potions of heal wounds
 o - 2 potions of might
 p - 2 potions of invisibility
 r - a potion of resistance {unknown}
 s - a potion of brilliance
 t - 2 potions of ambrosia


   Skills:
 * Level 11.2 Fighting
 - Level 6.0 Armour
 - Level 2.2 Dodging
 + Level 7.1 Stealth
 + Level 6.6 Shields
 * Level 9.1 Spellcasting


You had 5 spell levels left.
You knew the following spells:

 Your Spells              Type           Power      Damage    Failure   Level
a - Magic Dart            Conj           100%       1d8       1%          1
b - Poisonous Vapours     Pois/Air       100%       N/A       1%          2
c - Mephitic Cloud        Conj/Pois/Air  56%        N/A       1%          3
d - Ice Form              Ice/Tmut       56%        N/A       3%          4
e - Blink                 Tloc           100%       N/A       1%          2
f - Cigotuvi's Dreadful   Necr/Pois/Air  100%       N/A       1%          2
g - Beastly Appendage     Tmut           100%       N/A       1%          1
h - Slow                  Hex            100%       N/A       1%          1
i - Frozen Ramparts       Ice            100%       1d16      1%          3
j - Call Imp              Summ           56%        N/A       1%          2
s - Swiftness             Air            56%        N/A       1%          3
Your spell library was empty.

Dungeon Overview and Level Annotations

Branches:
Dungeon (11/15)            Temple (1/1) D:4            Lair (1/5) D:11
    Orc (0/2) D:9           Sewer (visited)         Ossuary (visited)

Altars:
Ashenzari
Cheibriados
Dithmenos
Elyvilon
Fedhas
Gozag
Hepliaklqana
Makhleb
Nemelex Xobeh
Okawaru
Qazlal
Ru
Trog
Uskayaw
Wu Jian
Xom
Yredelemnul
Zin
The Shining One


Innate Abilities, Weirdness & Mutations

You are immune to sickness and miasma.
You are immune to poison.
Your flesh is very heat resistant. (rF++)
You are vulnerable to cold. (rC-)
You float through the air rather than walking.
You learn spells naturally, not from books.
Your magical power is your life essence.
You have superior vitality. (+4 MHP)


Message History

The blink frog is engulfed in noxious fumes.
The blink frog appears confused.
You block the blink frog's attack. You block the black mamba's attack.
Makhleb accepts your kill.
You feel better.
You feel a bit more experienced.
The blink frog is engulfed in noxious fumes.
The black mamba barely misses you.
You closely miss the black mamba.
The black mamba is lightly wounded.
The black mamba misses you. You block the black mamba's attack.
The blink frog barely misses itself.
The black mamba closely misses you. You block the black mamba's attack.
The blink frog completely misses you.
The blink frog hits itself!
The blink frog is killed!
Makhleb accepts your kill.
Casting: Mephitic Cloud (safe; 1% risk of failure)
Confirm with . or Enter, or press ? or * to list all spells.
Aiming: Poisonous Vapours (safe; 1% risk of failure)
Press: ? - help, Dir - move target, f/p - blink frog
Aim: a blink frog (moderately wounded, wandering, confused, hasn't noticed you) Poisonous vapours surround the blink frog!
The blink frog is poisoned.
* * * LOW HITPOINT WARNING * * *
The black mamba completely misses you.
The black mamba bites you but does no damage.
You hit the black mamba.
The black mamba is moderately wounded.
The black mamba bites you!
* * * LOW HITPOINT WARNING * * *
The black mamba barely misses you. The black mamba closely misses you.
The black mamba bites you.
* * * LOW HITPOINT WARNING * * *
You sock the black mamba!
The black mamba is severely wounded.
The black mamba bites you!
* * * LOW HITPOINT WARNING * * *
The black mamba bites you!
* * * LOW HITPOINT WARNING * * *
The black mamba bites you!
You die... #...# #...# ###.## #..# . #..### .. ##....## ... #....#.## FF..

##......######.....
##..####..@S#.......
####..## ####.F...#
#....## #....##
##..#P# ####.#
###..#### ..# #...##
... ...#.# ....
.##### .### .# #.


You could see a black mamba and a blink frog (confused, very poisoned).

Vanquished Creatures
  Erica (D:9)
  A cane toad (Lair:1)
  A gargoyle (D:10)
  An unseen horror (D:10)
  2 kobold demonologists (D:10)
  2 blink frogs (Lair:1)
  Grinder (D:3)
  15 yaks
  A shadow (D:11)
  2 vampires (D:10)
  A basilisk (Lair:1)
  A wraith (D:6)
  2 chaos spawn (D:11)
  A steam dragon (D:10)
  4 wargs
  An acid dragon (D:10)
  5 water moccasins
  2 ice beasts
  4 sky beasts
  10 orc warriors
  2 black bears
  9 wolves
  4 centaurs
  An ogre (D:6)
  A phantom (D:6)
  4 kobold brigands
  2 necrophages
  A gnoll sergeant (D:8)
  3 scorpions
  6 bullfrogs
  2 water moccasin zombies (Ossuary)
  6 wights
  3 killer bees (D:8)
  2 electric eels (D:10)
  3 lava snakes (D:11)
  3 jellies
  2 hounds
  6 orc priests
  2 iguanas
  14 orc wizards
  6 hell rats (Lair:1)
  2 mummies (Ossuary)
  5 gnolls (D:8)
  Robin (D:4)
  10 adders
  4 white imps
  An ufetubus (D:6)
  6 adder zombies (Ossuary)
  3 worms
  3 dart slugs
  58 orcs
  11 ball pythons
  6 endoplasms
  14 giant cockroaches
  2 gnoll zombies (Ossuary)
  11 goblins
  8 hobgoblins
  4 jackals
  10 quokkas
  5 bats
  10 frilled lizards
  6 hobgoblin zombies (Ossuary)
  16 kobolds
  9 kobold zombies (Ossuary)
  6 orc zombies (Ossuary)
  2 rats
353 creatures vanquished.

Vanquished Creatures (collateral kills)
  A cane toad (Lair:1)
  3 wolves (Lair:1)
  An orc (D:5)
  An endoplasm (D:1)
  A frilled lizard (D:1)
  2 kobolds (D:1)
9 creatures vanquished.

Vanquished Creatures (others)
  2 fungi (Lair:1)
  24 plants
26 creatures vanquished.

Grand Total: 388 creatures vanquished

Notes
Turn   | Place    | Note
-------+----------+-------------------------------------------
     0 | D:1      | Decritt the Djinni Hedge Wizard began the quest for the
                  | Orb.
     0 | D:1      | Decritt set off with the following spells memorised: Magic
                  | Dart, Slow, Blink, Call Imp, Cigotuvi's Dreadful Rot,
                  | Mephitic Cloud.
     0 | D:1      | Reached XP level 1. HP: 15/15 MP: 0/0
    15 | D:1      | Upgraded the game from 0.30-a0-575-g6f4a10e2d2 to
                  | 0.30-a0-585-g93115170b9
    97 | D:1      | Reached XP level 2. HP: 10/22 MP: 0/0
   218 | D:1      | Reached skill level 1 in Fighting
   263 | D:1      | Found a faded altar of an unknown god.
   360 | D:1      | Reached XP level 3. HP: 24/27 MP: 0/0
   360 | D:1      | Learned a level 1 spell: Beastly Appendage
  1047 | D:2      | Reached skill level 2 in Fighting
  1047 | D:2      | Reached XP level 4. HP: 30/33 MP: 0/0
  1700 | D:3      | Noticed Grinder
  1713 | D:3      | Paralysed by Grinder for 2 turns
  1722 | D:3      | Paralysed by Grinder for 3 turns
  1728 | D:3      | Killed Grinder
  1729 | D:3      | Reached skill level 3 in Fighting
  1729 | D:3      | Reached XP level 5. HP: 17/41 MP: 0/0
  1729 | D:3      | Learned a level 2 spell: Poisonous Vapours
  1729 | D:3      | Reached XP level 6. HP: 20/47 MP: 0/0
  1958 | D:3      | Reached skill level 4 in Fighting
  2126 | D:4      | Identified 3 scrolls of acquirement
  2126 | D:4      | Acquired the +7 eveningstar "Gyipheh" {heavy, rElec Will++
                  | Dex+4}
  2127 | D:4      | Acquired a manual of Stealth
  2128 | D:4      | Acquired the ring of Laniumarph {EV+5 Str+6 Dex+3 Stlth+}
  2209 | D:4      | Found a glowing drain.
  2250 | Sewer    | Entered a sewer
  2460 | Sewer    | Reached XP level 7. HP: 47/53 MP: 0/0
  2460 | Sewer    | Learned a level 3 spell: Frozen Ramparts
  2475 | Sewer    | Identified the +1 robe of Vummir {Will+ Regen+}
  2607 | D:4      | Noticed Robin
  2613 | D:4      | Killed Robin
  2761 | D:4      | Found a staircase to the Ecumenical Temple.
  2769 | D:4      | Reached skill level 5 in Fighting
  2793 | Temple   | Entered the Ecumenical Temple
  2798 | Temple   | Became a worshipper of Makhleb the Destroyer
  2866 | D:4      | Found a stormy altar of Qazlal.
  2997 | D:4      | Found a sparkling altar of Nemelex Xobeh.
  3313 | D:5      | Entered Level 5 of the Dungeon
  3334 | D:5      | Reached XP level 8. HP: 58/59 MP: 0/0
  3366 | D:5      | Reached skill level 5 in Spellcasting
  3754 | D:5      | Reached * piety under Makhleb
  3755 | D:5      | Reached skill level 1 in Armour
  3755 | D:5      | Reached skill level 1 in Shields
  3873 | D:5      | Reached skill level 6 in Fighting
  4411 | D:6      | Reached XP level 9. HP: 67/67 MP: 0/0
  4411 | D:6      | Learned a level 3 spell: Swiftness
  4582 | D:6      | Reached skill level 5 in Stealth
  4705 | D:6      | Reached skill level 7 in Fighting
  4734 | D:6      | Found a sand-covered staircase.
  4749 | Ossuary  | Entered an ossuary
  4776 | Ossuary  | Reached ** piety under Makhleb
  6198 | D:8      | Reached XP level 10. HP: 75/75 MP: 0/0
  6332 | D:8      | Reached skill level 8 in Fighting
  6334 | D:8      | Reached *** piety under Makhleb
  6634 | D:8      | Found a runed translucent door.
  6863 | D:8      | Reached **** piety under Makhleb
  7122 | D:8      | Reached skill level 9 in Fighting
  7211 | D:8      | Reached XP level 11. HP: 57/84 MP: 0/0
  7211 | D:8      | Learned a level 4 spell: Ice Form
  7295 | D:9      | Noticed Erica
  7370 | D:9      | Reached skill level 5 in Armour
  7678 | D:8      | Reached skill level 5 in Shields
  7709 | D:9      | Killed Erica
  7892 | D:9      | Found a staircase to the Orcish Mines.
  7966 | D:9      | Found a hide-covered altar of Uskayaw.
  8209 | D:10     | Entered Level 10 of the Dungeon
  8312 | D:10     | Reached skill level 10 in Fighting
  8408 | D:10     | Found a snail-covered altar of Cheibriados.
  8413 | D:10     | Found a shimmering altar of Xom.
  8418 | D:10     | Found a sacrificial altar of Ru.
  8549 | D:10     | Noticed a soul eater
  8907 | D:10     | Found a broken altar of Ashenzari.
 10191 | D:11     | Found a staircase to the Lair.
 10199 | D:11     | Reached ***** piety under Makhleb
 10240 | Lair:1   | Entered Level 1 of the Lair of Beasts
 10357 | Lair:1   | Reached XP level 12. HP: 93/93 MP: 0/0
 10556 | Lair:1   | Reached skill level 11 in Fighting
 10800 | Lair:1   | Slain by a black mamba

Illustrated notes

Levels and vault maps discovered:
D:1:      saegor_arrival_miasma, layout_rooms,
          hellmonk_ecumenical_altar_crossroads
D:2:      layout_loops_ring
D:3:      layout_rooms, uniq_grinder
D:4:      layout_cave_pods, mainiacjoe_overflow_concentric_impassable,
          nicolae_qazlal_scattered_showers, minmay_temple_entry_mist,
          cheibrodos_sewer_entry_sluice, nicolae_zen_rock_garden, uniq_robin
D:5:      layout_loops_corners
D:6:      layout_loops_corners, enter_ossuary_1, minivault_27
D:7:      layout_loops_ring, serial_glass, glass_columns_b, glass_columns_b,
          glass_columns_a, glass_columns_a, glass_columns_b, glass_columns_b,
          glass_columns_b, glass_columns_b, glass_columns_a, glass_columns_a,
          feat_on_display, feat_on_display, minmay_strange_pillars, minivault_4
D:8:      minmay_octagon_keep, layout_basic, lightli_church_of_beogh
D:9:      layout_rooms, mainiacjoe_overflow_boulevard, david_orc_1_choice,
          uniq_erica
D:10:     layout_roguey, nicolae_overflow_crystal_walls,
          grunt_temple_overflow_diamond, serial_bayou, serial_bayou_ford_a,
          serial_bayou_pond_b, serial_bayou_lagoon_b, serial_bayou_lake_a,
          minmay_misc_feat_pillars
D:11:     erik_rubicon_a, layout_basic, erik_lair_orcish_takeover, serial_ice,
          serial_ice_d, serial_ice_i, serial_ice_g, serial_ice_h, serial_ice_e,
          serial_ice_c, serial_ice_m, minmay_misc_feat_rows,
          minmay_guarded_unrand_variability
Temple:   minmay_freezing_vapour_temple
Lair:1:   layout_cave_pods

Skill      XL: |  1  2  3  4  5  6  7  8  9 10 11 12 |
---------------+-------------------------------------+-----
Fighting       | 1 2 3 4 5 6 7 9 10 11 | 11.2
Spellcasting   | 3 4 5 6 7 8 9 |  9.1
Stealth        | 2 3 4 6 7 |  7.1
Armour         | 1 3 4 6 |  6.0
Shields        | 1 3 4 6 |  6.6
Dodging        | |  2.2

Action                   |  1- 3 |  4- 6 |  7- 9 | 10-12 || total
-------------------------+-------+-------+-------+-------++-------
Melee: Dagger            |     4 |       |       |       ||     4
       Trident           |       |     6 |       |       ||     6
       Eveningstar       |       |    25 |   152 |   177 ||   354
       Punch             |       |       |     1 |       ||     1
       Unarmed           |       |       |       |     5 ||     5
 Cast: Magic Dart        |    74 |    93 |   175 |   215 ||   557
       Call Imp          |     1 |     2 |     5 |       ||     8
       Beastly Appendage |     1 |       |       |       ||     1
       Slow              |       |     2 |     3 |       ||     5
       Poisonous Vapours |       |       |    20 |   161 ||   181
       Frozen Ramparts   |       |       |     1 |       ||     1
       Blink             |       |       |     1 |     2 ||     3
       Mephitic Cloud    |       |       |       |    88 ||    88
       Swiftness         |       |       |       |     3 ||     3
       Ice Form          |       |       |       |     3 ||     3
  Use: Scroll            |       |    11 |    14 |     8 ||    33
       Potion            |       |       |     1 |     2 ||     3
 Stab: Sleeping          |       |       |     5 |       ||     5
       Confused          |       |       |       |    17 ||    17
Armor: Robe              |     1 |    21 |    55 |    69 ||   146
       Skin              |       |       |       |     4 ||     4
Dodge: Dodged            |    12 |    71 |   163 |   227 ||   473
Block: Kite shield       |       |       |    12 |   232 ||   244

Table legend: (Time is in decaauts)
 A = Elapsed time spent in this place.
 B = Non-inter-level travel time spent in this place.
 C = Inter-level travel time spent in this place.
 D = Time resting spent in this place.
 E = Time spent auto-exploring this place.
 F = Levels seen in this place.
 G = Mean time per level.
                   A        B        C        D        E       F      G
               +--------+--------+--------+--------+--------+-----+--------+
         Total |  11279 |  10710 |    569 |   1414 |   6043 |  15 |  751.9 |
       Dungeon |  10107 |   9538 |    569 |   1308 |   5534 |  11 |  918.8 |
        Temple |     10 |     10 |      0 |      0 |      0 |   1 |   10.0 |
          Lair |    517 |    517 |      0 |     74 |    243 |   1 |  517.0 |
         Sewer |    366 |    366 |      0 |      0 |    192 |   1 |  366.0 |
       Ossuary |    278 |    278 |      0 |     32 |     74 |   1 |  278.0 |
               +--------+--------+--------+--------+--------+-----+--------+

Top non-repeatable levels by time:
     D:8: 1772 daAuts
    D:10: 1395 daAuts
     D:5: 1011 daAuts
     D:6: 965 daAuts
     D:4: 861 daAuts
     D:7: 833 daAuts
     D:2: 770 daAuts
     D:3: 709 daAuts
     D:9: 706 daAuts
     D:1: 645 daAuts
  Lair:1: 517 daAuts
    D:11: 436 daAuts
   Sewer: 366 daAuts
 Ossuary: 278 daAuts
  Temple: 10 daAuts
